 Dungeon Crawl Stone Soup version 0.15-a0-2036-g5428f20 (console) character file.

116 BoltOfCold the Chiller (level 4, 0/24 HPs)
             Began as a Deep Elf Ice Elementalist on July 13, 2014.
             Slain by a centaur skeleton (4 damage)
             ... on Level 4 of the Dungeon.
             The game lasted 00:07:33 (1251 turns).

BoltOfCold the Chiller (Deep Elf Ice Elementalist)  Turns: 1251, Time: 00:07:34

HP   0/24        AC  2     Str  5      XL: 4   Next: 70%
MP   3/15        EV 13     Int 23      God:
Gold 116         SH  0     Dex 17      Spells:  3 memorised,  4 levels left

rFire  . . .     SeeInvis .     m - +0 spear
rCold  + . .     Clarity  .     a - +0 robe
rNeg   . . .     rCorr    .     (no shield)
rPois  .         rRot     .     (no helmet)
rElec  .         Spirit   .     (no cloak)
SustAb .         Warding  .     j - +0 pair of gloves
rMut   .         Stasis   .     (no boots)
Gourm  .                        (no amulet)
MR     .....                    (no ring)
                                (no ring)

@: not resistant to hostile enchantments, unstealthy
A: agile 1, clever 1, cold resistance 1, deformed body, spit poison 1
a: Spit Poison


You were on level 4 of the Dungeon.
You were hungry.

You visited 1 branch of the dungeon, and saw 4 of its levels.

You collected 116 gold pieces.

Inventory:

Hand weapons
 e - a +0 whip
 m - a +0 spear (weapon)
Armour
 a - a +0 robe (worn)
 j - a +0 pair of gloves (worn)
Comestibles
 c - 3 bread rations
 h - a beef jerky
 o - 11 fruits
 s - a chunk of hobgoblin flesh
Scrolls
 d - a scroll of random uselessness {unknown}
 f - 2 scrolls of amnesia {unknown}
 g - a scroll of recharging {unknown}
 k - a scroll of immolation {unknown}
 n - a scroll of magic mapping {unknown}
 p - 2 scrolls of identify {unknown}
 q - 2 scrolls of enchant armour {unknown}
 u - a scroll of noise {unknown}
 v - a scroll of teleportation {unknown}
Potions
 r - a potion of invisibility {unknown}
 t - a potion of curing {unknown}
Books
 b - a book of Frost

   Spells                             Type                      Level
   *Freeze                            Ice                          1
   *Throw Frost                       Conjuration/Ice              2
   Ozocubu's Armour                   Charms/Ice                   3
   *Throw Icicle                      Conjuration/Ice              4
   Summon Ice Beast                   Ice/Summoning                4
   Condensation Shield                Ice                          4
 i - a book of Party Tricks

   Spells                             Type                      Level
   Summon Butterflies                 Summoning                    1
   Apportation                        Translocation                1
   Blink                              Translocation                2
   Tukima's Dance                     Hexes                        3
   Alistair's Intoxication            Transmutation/Poison         4


   Skills:
 - Level 2.4 Dodging
 - Level 2.4 Stealth
 - Level 4.0 Spellcasting
 + Level 3.8 Conjurations
 + Level 4.1 Ice Magic


You had 4 spell levels left.
You knew the following spells:

 Your Spells              Type           Power        Failure   Level  Hunger
a - Freeze                Ice            ###.         1%          1    None
b - Throw Frost           Conj/Ice       ###...       3%          2    #......
c - Throw Icicle          Conj/Ice       ###.....     24%         4    ####...


Dungeon Overview and Level Annotations

Branches:
Dungeon (4/15)
 Temple: D:4-7

Altars:
Trog


Innate Abilities, Weirdness & Mutations

You are agile. (Dex +2)
Your mind is acute. (Int +2)
Your flesh is cold resistant.
Armour fits poorly on your strangely shaped body.
You can spit poison.


Message History

Aim: a centaur skeleton The shard of ice hits the centaur skeleton.
The centaur skeleton partially resists.
The centaur skeleton hits you.
* * * LOW HITPOINT WARNING * * *
Casting: Throw Icicle
Confirm with . or Enter, or press ? or * to list all spells.
You don't have enough magic to cast that spell.
Unknown command.
Drink which item? (? for menu, Esc to quit)
Okay, then.
Read which item? (? for menu, Esc to quit)
Okay, then.
Unknown command.
Unknown command.
The centaur skeleton hits you.
* * * LOW HITPOINT WARNING * * *
Drink which item? (? for menu, Esc to quit)
You feel refreshed.
It was a potion of restore abilities.
The centaur skeleton hits you.
You die...

#.#### #..#.# .#
###...# #.# ...##.#
#.# ..# ...##.# #.##
###... ...#..##
#..#####...# .......##
#...#.....# ........#
#.........#
....##..####....@#..##
.....##...)...###Z..#
..............###..##
..##...........#...#
..#####........#..##
..# #...........# #..
#............. #..
.............<. #..
..........#....


You could see a centaur skeleton.

Vanquished Creatures
  2 orc wizards (D:4)
  2 adders (D:2)
  A giant mite (D:2)
  2 giant geckos
  2 orcs (D:3)
  A ball python (D:3)
  2 giant cockroaches
  6 hobgoblins
  5 kobolds
  4 bats
  2 giant newts
  7 goblins
  4 rats
40 creatures vanquished.

Notes
Turn   | Place    | Note
--------------------------------------------------------------
     0 | D:1      | BoltOfCold, the Deep Elf Ice Elementalist, began the quest for the Orb.
     0 | D:1      | Reached XP level 1. HP: 10/10 MP: 5/5
   140 | D:1      | Reached XP level 2. HP: 4/15 MP: 1/8
   144 | D:1      | Learned a level 2 spell: Throw Frost
   227 | D:2      | Reached skill level 4 in Spellcasting
   318 | D:2      | Reached XP level 3. HP: 7/19 MP: 1/12
   386 | D:2      | Gained mutation: Armour fits poorly on your strangely shaped body. [potion of mutation]
   386 | D:2      | Gained mutation: Your flesh is cold resistant. [potion of mutation]
   386 | D:2      | Gained mutation: You are agile. (Dex +2) [potion of mutation]
   387 | D:2      | Gained mutation: Your mind is acute. (Int +2) [potion of mutation]
   387 | D:2      | Gained mutation: You can spit poison. [potion of mutation]
   788 | D:3      | Found a bloodstained altar of Trog.
   961 | D:4      | Reached XP level 4. HP: 24/24 MP: 10/15
   980 | D:3      | Learned a level 4 spell: Throw Icicle
  1251 | D:4      | Slain by a centaur skeleton

Action                   |  1- 3 |  4- 6 || total
-------------------------+-------+-------++-------
Melee: Whip              |     9 |       ||     9
       Unarmed           |     2 |       ||     2
       Spear             |       |     3 ||     3
 Cast: Freeze            |    32 |    11 ||    43
       Throw Frost       |    14 |     4 ||    18
       Throw Icicle      |       |     4 ||     4
  Use: Potion            |     3 |     1 ||     4
 Stab: Sleeping          |     1 |     1 ||     2
  Eat: Chunk             |       |     1 ||     1
